 Dungeon Crawl Stone Soup version 0.20.1-1-g8b1a95d (webtiles) character file.

35 potam12345 the Conjurer (level 3, 0/16 HPs)
             Began as a Spriggan Conjurer on July 9, 2017.
             Slain by a worm (7 damage)
             ... on level 2 of the Dungeon.
             The game lasted 00:09:39 (1522 turns).

potam12345 the Conjurer (Spriggan Conjurer)         Turns: 1522, Time: 00:09:39

Health: 0/16       AC:  2    Str:  4    XL:     3   Next: 16%
Magic:  1/8        EV: 18    Int: 17    God:
Gold:   55         SH:  0    Dex: 16    Spells: 7/8 levels left

rFire    . . .     SeeInvis +   i - +0 short sword
rCold    . . .     Gourm    .   (shield restricted)
rNeg     . . .     Faith    .   a - +0 robe
rPois    .         Spirit   .   (helmet restricted)
rElec    .         Reflect  .   (no cloak)
rCorr    .         Harm     .   (gloves unavailable)
MR       .....                  (boots unavailable)
Stlth    ++........             (no amulet)
Regen    0.1/turn               (no ring)
MPRegen  0.2/turn               (no ring)

@: very quick
A: unfitting armour, see invisible, herbivore 3, speed 3, slow metabolism 2
a: no special abilities


You were on level 2 of the Dungeon.
You were not hungry.

You visited 1 branch of the dungeon, and saw 2 of its levels.

You collected 55 gold pieces.

Inventory:

Hand Weapons
 i - a +0 short sword (weapon)
Armour
 a - a +0 robe (worn)
 e - a +0 ring mail
 l - a +0 leather armour
 m - a +0 pair of gloves
Scrolls
 f - a scroll of teleportation {unknown}
Potions
 j - 2 potions of haste {unknown}
Books
 b - a book of Conjurations

   Spells                             Type                      Level
   a - Magic Dart                     Conjuration                  1
   b - Searing Ray                    Conjuration                  2
   c - Dazzling Spray                 Conjuration/Hexes            3
   d - Fulminant Prism                Conjuration/Hexes            4
   e - Force Lance                    Conjuration/Translocation    4
   f - Iskenderun's Mystic Blast      Conjuration                  4
Comestibles
 c - 2 bread rations
 g - 2 royal jellies
 k - 2 meat rations


   Skills:
 + Level 0.1 Fighting
 + Level 0.2 Short Blades
 + Level 0.4 Throwing
 + Level 3.0 Dodging
 + Level 3.1 Stealth
 + Level 3.3 Spellcasting
 + Level 3.4 Conjurations


You had 7 spell levels left.
You knew the following spells:

 Your Spells              Type           Power        Failure   Level  Hunger
a - Magic Dart            Conj           ##..         4%          1    None


Dungeon Overview and Level Annotations

Branches:
Dungeon (2/15)

Altars:


Innate Abilities, Weirdness & Mutations

You are very small and have problems with some larger weapons.
You are too small for most types of armour.
You have supernaturally acute eyesight. (SInv)
You are a herbivore.
You cover ground extremely quickly.
You need consume almost no food.


Message History

The worm completely misses you.
You hit the worm.
The worm is severely wounded.
You hit the worm.
The worm is almost dead.
The worm bites you.
Casting: Magic Dart
Confirm with . or Enter, or press ? or * to list all spells.
Aiming: Magic Dart
Press: ? - help, Shift-Dir - straight line, f/p - worm
Aim: a worm (severely wounded)
The magic dart hits the worm.
The worm is severely wounded.
The worm misses you.
You hit the worm.
The worm is severely wounded.
You hit the worm.
The worm is almost dead.
The worm bites you!
You die...

##......##.........####§§§##.#
##...#..###.......## ##§###.#
##...#..# ##.....## ##....#
##.#.#..# ##...## #.####
##......# ##'## #.# ####.##.#
#.# #.# . ....######.# #.# #
.......(.#.##########.#
.#######(..w@.......#.#
#..†..######.#.# #.....# #.#
#.#.#.# #.###.# ... ... ...#
#... ##### #####


You could see a worm.

Vanquished Creatures
  2 dart slugs (D:1)
  2 leopard geckos
  5 bats (D:1)
  2 giant cockroaches (D:1)
  A goblin (D:1)
  2 hobgoblins
  4 jackals (D:1)
  A kobold (D:1)
  A ball python (D:2)
  2 frilled lizards (D:1)
  7 rats
29 creatures vanquished.

Notes
Turn   | Place    | Note
-------+----------+-------------------------------------------
     0 | D:1      | potam12345 the Spriggan Conjurer began the quest for the Orb.
     0 | D:1      | Reached XP level 1. HP: 9/9 MP: 5/5
   269 | D:1      | Reached XP level 2. HP: 13/13 MP: 2/6
   942 | D:1      | Reached XP level 3. HP: 11/16 MP: 1/8
  1522 | D:2      | Slain by a worm

Skill      XL: |  1  2 |
---------------+-------+-----
Conjurations   | 3 |  3.4
Spellcasting   | 3 |  3.3
Fighting       | |  0.1
Short Blades   | |  0.2
Throwing       | |  0.4
Dodging        | |  3.0
Stealth        | |  3.1

Action                   || total
-------------------------++-------
Melee: Unarmed           ||     7
       Short sword       ||    29
Throw: Tomahawk          ||     9
 Cast: Magic Dart        ||    62
  Use: Scroll            ||     1
Armor: Robe              ||     5
Dodge: Dodged            ||    42
